 Dungeon Crawl Stone Soup version 0.27.0-66-gdc8fb28755 (webtiles) character file.

Game seed: 1368646351891943499

145 Spectrina the Covert (level 5, 0/31 HPs)
             Began as a Vampire Delver on Aug 19, 2021.
             Was an Initiate of Sif Muna.
             Slain by an adder (4 damage)
             ... on level 2 of the Dungeon.
             The game lasted 00:03:24 (478 turns).

Spectrina the Covert (Vampire Delver)                Turns: 478, Time: 00:03:24

Health: 0/31       AC:  3    Str: 11    XL:     5   Next: 6%
Magic:  5/5        EV: 12    Int: 13    God:    Sif Muna [......]
Gold:   54         SH:  0    Dex: 16    Spells: 4/4 levels left

rFire    . . .     SeeInvis +   a - +0 short sword
rCold    + + .     Faith    .   (no shield)
rNeg     + + +     Spirit   .   b - +0 leather armour
rPois    ∞         Reflect  .   (no helmet)
rElec    .         Harm     .   (no cloak)
rCorr    .         Rampage  .   (no gloves)
Will     .....                  (no boots)
Stlth    ++++++....             (no amulet)
HPRegen  0.00/turn              (no ring)
MPRegen  0.09/turn              (no ring)

@: bloodless, inhibited regen
A: bloodless, fangs 3, see invisible, vampiric 2
a: Bat Form, Revivify, Renounce Religion


You were on level 2 of the Dungeon.
You worshipped Sif Muna.
Sif Muna was noncommittal.
You visited 1 branch of the dungeon, and saw 4 of its levels.

You collected 54 gold pieces.

Inventory:

Hand Weapons
 a - a +0 short sword (weapon)
 j - a +0 dagger
Missiles
 h - 30 sling bullets
Armour
 b - a +0 leather armour (worn)
Jewellery
 e - a ring of protection from fire
Wands
 g - a wand of digging (3)
Scrolls
 c - a scroll of fog
 d - 2 scrolls of magic mapping
 i - a scroll of identify {unknown}
Potions
 f - a potion of haste
 k - 2 potions of brilliance {unknown}


   Skills:
 - Level 2.6 Fighting
 - Level 2.1 Short Blades
 - Level 2.1 Dodging
 + Level 10.5 Stealth
 * Level 0.2 Invocations


You had 4 spell levels left.
You didn't know any spells.
Your spell library was empty.

Dungeon Overview and Level Annotations

Branches:
Dungeon (5/15)
 Temple: D:4-7

Altars:
Sif Muna


Innate Abilities, Weirdness & Mutations

You do not regenerate when monsters are visible.
You are frail without blood (-20% HP).
You can heal yourself when you bite living creatures.
You are immune to poison.
You have razor-sharp teeth.
You have supernaturally acute eyesight. (SInv)
You are afflicted with vampirism and can become a bat while bloodless.


Message History

The hobgoblin is severely wounded.
The adder hisses angrily.
The hobgoblin hits you.
The endoplasm quivers.
You hit the hobgoblin.
You bite the hobgoblin, but do no damage.
The hobgoblin is almost dead.
The hobgoblin hits you but does no damage.
You completely miss the hobgoblin.
The hobgoblin is almost dead.
The hobgoblin hits you but does no damage.
You hit the hobgoblin but do no damage.
The hobgoblin is almost dead.
The adder bites you. The hobgoblin closely misses you.
You barely miss the hobgoblin. Your bite misses the hobgoblin.
The hobgoblin is severely wounded.
The adder bites you but does no damage. The hobgoblin hits you.
The adder bites you but does no damage.
You hit the hobgoblin but do no damage.
The hobgoblin is severely wounded.
The adder closely misses you. The hobgoblin closely misses you.
You hit the hobgoblin.
You kill the hobgoblin!
Sif Muna accepts your kill. The adder bites you.
* * * LOW HITPOINT WARNING * * *
You closely miss the adder. The adder misses you. The endoplasm freezes you.
You are frozen.
You resist. The adder bites you but does no damage.
You closely miss the adder. The adder misses you. The endoplasm freezes you.
You are frozen.
You resist.
* * * LOW HITPOINT WARNING * * *
You barely miss the adder. The adder bites you.
* * * LOW HITPOINT WARNING * * *
The endoplasm hits you.
* * * LOW HITPOINT WARNING * * *
You barely miss the adder. The adder closely misses you.
The endoplasm closely misses you. The adder bites you.
You die...

######...............####....#..
.....................'..).......
#########............####.......
######.......# ###'#...
###############.......######.#.##
.....................##......#.#
####################.##......#.#
######### #.##......#.# ......S@#
#..#......#.# ......J.#
#......#.# ........# ........#.#
........# #....#### .........
#.... ......... .........
..........


You could see an adder and an endoplasm.

Vanquished Creatures
  An ice beast (D:5)
  A hound (D:5)
  A hound skeleton (D:5)
  An orc (D:5)
  2 endoplasms
  A giant cockroach (D:2)
  A goblin (D:2)
  2 hobgoblins (D:2)
  A frilled lizard (D:3)
  A kobold (D:2)
12 creatures vanquished.

Notes
Turn   | Place    | Note
-------+----------+-------------------------------------------
     0 | D:5      | Spectrina the Vampire Delver began the quest for the Orb.
     0 | D:5      | Reached XP level 1. HP: 17/17 MP: 1/1
    31 | D:5      | Noticed a scorpion
    57 | D:5      | Found a shimmering blue altar of Sif Muna.
    65 | D:5      | Became a worshipper of Sif Muna the Loreminder
    93 | D:5      | Reached skill level 8 in Stealth
    93 | D:5      | Reached XP level 2. HP: 14/18 MP: 2/2
   118 | D:5      | Noticed an ice beast
   126 | D:5      | Killed an ice beast
   127 | D:5      | Reached skill level 10 in Stealth
   127 | D:5      | Gained mutation: You are afflicted with vampirism and can
                  | become a bat while bloodless. [Vampire growth]
   127 | D:5      | Reached XP level 3. HP: 19/22 MP: 3/3
   127 | D:5      | Reached XP level 4. HP: 23/27 MP: 4/4
   177 | D:4      | Reached XP level 5. HP: 31/31 MP: 5/5
   478 | D:2      | Slain by an adder

Illustrated notes

Levels and vault maps discovered:
D:2:      layout_basic
D:3:      layout_basic
D:4:      layout_rooms, serial_co_window_serial, co_window_corner_a,
          co_window_corner_a, co_window_paths_b, co_window_paths_a,
          co_window_corner_a, co_window_unsneaky_path_b, co_window_corner_cb,
          co_window_cross_4, co_window_corner_ca, co_window_unsneaky_path_e,
          co_window_sun
D:5:      gammafunk_wand_slinger, layout_basic, nicolae_overflow_crystal_walls,
          dk_yredelemnul_ordeal, uniq_sigmund, uniq_eustachio

Skill      XL: |  1  2 |
---------------+-------+-----
Stealth        | 8 10 | 10.5
Fighting       | |  2.6
Short Blades   | |  2.1
Dodging        | |  2.1
Invocations    | |  0.2

Action                   |  1- 3 |  4- 6 || total
-------------------------+-------+-------++-------
Melee: Short sword       |     9 |    32 ||    41
       Bite              |       |     4 ||     4
 Abil: Exsanguinate      |     1 |       ||     1
  Use: Scroll            |     1 |       ||     1
 Stab: Sleeping          |     1 |     4 ||     5
       Distracted        |       |     2 ||     2
Armor: Leather armour    |       |     6 ||     6
Dodge: Dodged            |     8 |    20 ||    28
